 Dungeon Crawl Stone Soup version 0.20.1-1-g8b1a95d (webtiles) character file.

212 lorenzova the Magician (level 5, -1/28 HPs)
             Began as a Deep Elf Conjurer on Oct 26, 2017.
             Slain by a gnoll
             ... wielding a +0 spear
              (5 damage)
             ... on level 4 of the Dungeon.
             The game lasted 00:06:14 (3622 turns).

lorenzova the Magician (Deep Elf Conjurer)          Turns: 3622, Time: 00:06:15

Health: -1/28      AC:  7    Str:  5    XL:     5   Next: 58%
Magic:  8/15       EV: 13    Int: 21    God:
Gold:   107        SH:  0    Dex: 15    Spells: 9/16 levels left

rFire    . . .     SeeInvis .   r - +1 dagger (venom)
rCold    . . .     Gourm    .   (no shield)
rNeg     . . .     Faith    .   a - +0 robe
rPois    .         Spirit   .   (no helmet)
rElec    .         Reflect  .   (no cloak)
rCorr    .         Harm     .   (no gloves)
MR       .....                  (no boots)
Stlth    ++........             (no amulet)
Regen    0.1/turn               t - +5 ring of protection
MPRegen  0.2/turn               (no ring)

@: very slightly contaminated
A: no striking features
a: no special abilities


You were on level 4 of the Dungeon.
You were not hungry.

You visited 1 branch of the dungeon, and saw 4 of its levels.

You collected 107 gold pieces.

Inventory:

Hand Weapons
 d - a +0 short sword
 r - a +1 dagger of venom (weapon)
Armour
 a - a +0 robe (worn)
Jewellery
 t - a +5 ring of protection (left hand)
Wands
 s - a wand of disintegration (14/24)
Scrolls
 e - 2 scrolls of identify {unknown}
 h - a scroll of blinking {unknown}
 j - a scroll of fear {unknown}
 l - 3 scrolls of teleportation {unknown}
 p - 2 scrolls of remove curse {unknown}
Potions
 g - 3 potions of degeneration {unknown}
 i - 2 potions of agility {unknown}
 m - a potion of magic {unknown}
 n - 2 potions of lignification {unknown}
 o - 3 potions of haste
 q - a potion of heal wounds {unknown}
Books
 b - a book of Conjurations

   Spells                             Type                      Level
   a - Magic Dart                     Conjuration                  1
   b - Searing Ray                    Conjuration                  2
   c - Dazzling Spray                 Conjuration/Hexes            3
   d - Fulminant Prism                Conjuration/Hexes            4
   e - Force Lance                    Conjuration/Translocation    4
   f - Iskenderun's Mystic Blast      Conjuration                  4
Comestibles
 c - 4 bread rations
 f - 2 royal jellies
 k - a meat ration
 u - 3 chunks of flesh


   Skills:
 - Level 2.4 Dodging
 - Level 2.4 Stealth
 + Level 6.2 Spellcasting
 + Level 6.0 Conjurations


You had 9 spell levels left.
You knew the following spells:

 Your Spells              Type           Power        Failure   Level  Hunger
a - Magic Dart            Conj           ####         1%          1    None
b - Searing Ray           Conj           ####..       1%          2    None
c - Iskenderun's Mystic   Conj           ####....     8%          4    ###....


Dungeon Overview and Level Annotations

Branches:
Dungeon (4/15)
 Temple: D:4-7

Altars:
Elyvilon
Fedhas
Okawaru
Trog
Yredelemnul


Message History

Press: ? - help, Shift-Dir - straight line, f/p - gnoll
Aim: a gnoll, wielding a spear The searing ray hits the orc. (Press . to maintain the ray.)
The orc closely misses you. The gnoll hits you but does no damage.
The searing ray hits the orc.
The orc is heavily wounded.
The orc barely misses you.
The gnoll hits you from afar with a spear.
The searing ray hits the orc.
You kill the orc!
The gnoll hits you from afar with a spear.
* * * LOW HITPOINT WARNING * * *
The goblin unwields an uncursed dagger.
The goblin wields a hunting sling.
The goblin shoots a stone.
The stone closely misses you.
The searing ray hits the gnoll.
The gnoll is severely wounded.
You finish channeling your searing ray.
The gnoll hits you from afar with a spear.
You die...

........... ...........
........... ...........
#### ........### #..#
........# #.)# #...##..#
##+#..# #...# ####.(#'##
....# +...@....##+# ....#
#.##[##.....# ....#
#####.#gg.##+#..# ....#
.#..#..#..%# #..+
....#(..#..#..#...# #..#
....+...##'##.##### ##.###
....#....#(.#..+ #...+
#.###....+..'..# #...#
#.#>.....#####.########.###


You could see a gnoll and a goblin.

Vanquished Creatures
  Terence (D:2)
  6 gnolls
  4 adders (D:2)
  2 oozes
  3 worms (D:2)
  A dart slug (D:2)
  A leopard gecko (D:2)
  3 orcs
  2 giant cockroaches (D:3)
  11 goblins
  7 hobgoblins
  4 jackals (D:2)
  2 quokkas
  2 ball pythons
  2 bats
  3 frilled lizards
  15 kobolds
  5 rats
74 creatures vanquished.

Notes
Turn   | Place    | Note
-------+----------+-------------------------------------------
     0 | D:1      | lorenzova the Deep Elf Conjurer began the quest for the Orb.
     0 | D:1      | Reached XP level 1. HP: 10/10 MP: 6/6
   290 | D:1      | Reached XP level 2. HP: 15/15 MP: 3/8
   294 | D:1      | Learned a level 2 spell: Searing Ray
   899 | D:2      | Reached XP level 3. HP: 19/19 MP: 6/10
  1182 | D:2      | Reached skill level 5 in Conjurations
  1534 | D:2      | Reached XP level 4. HP: 24/24 MP: 8/12
  1539 | D:2      | Reached skill level 5 in Spellcasting
  1664 | D:2      | Learned a level 4 spell: Iskenderun's Mystic Blast
  1750 | D:2      | Noticed Terence
  1766 | D:2      | Killed Terence
  1766 | D:2      | Reached XP level 5. HP: 25/28 MP: 0/15
  1876 | D:2      | Found a blossoming altar of Fedhas.
  1937 | D:2      | Found a basalt altar of Yredelemnul.
  2156 | D:3      | Found an iron altar of Okawaru.
  2492 | D:3      | Found a bloodstained altar of Trog.
  2568 | D:3      | Found a faded altar of an unknown god.
  2636 | D:3      | Found a white marble altar of Elyvilon.
  3622 | D:4      | Slain by a gnoll

Skill      XL: |  1  2  3  4  5 |
---------------+----------------+-----
Spellcasting   | 4 5 6 |  6.2
Conjurations   | 5 6 |  6.0
Dodging        | |  2.4
Stealth        | |  2.4

Action                   |  1- 3 |  4- 6 || total
-------------------------+-------+-------++-------
Melee: Unarmed           |     5 |       ||     5
       Short sword       |     5 |    11 ||    16
       Dagger            |       |    21 ||    21
 Cast: Magic Dart        |    77 |    69 ||   146
       Searing Ray       |     1 |     3 ||     4
       Iskenderun's Myst |       |     1 ||     1
 Stab: Sleeping          |       |     3 ||     3
  Eat: Chunk             |     1 |     7 ||     8
Armor: Robe              |       |     6 ||     6
Dodge: Dodged            |    16 |    43 ||    59
